 Dungeon Crawl Stone Soup version 0.28-a0-1415-g7c84da036a (webtiles) character file.

Game seed: 7252622549266567416

18 croobank the Sneak (level 2, 0/24 (25) HPs)
             Began as a Demigod Delver on Jan 7, 2022.
             Killed from afar by a dart slug (2 damage)
             ... with a slug dart
             ... on level 1 of the Dungeon.
             The game lasted 00:03:33 (702 turns).

croobank the Sneak (Demigod Delver)                  Turns: 702, Time: 00:03:33

HP:   0/24 (25)     AC:  3    Str: 13    XL:     2   Next: 33%
MP:   4/4           EV: 12    Int: 12    God:
Gold: 35            SH:  0    Dex: 15    Spells: 1/1 levels left

rFire   . . .      SeeInvis .   a - +0 hand axe
rCold   . . .      Faith    .   q - orb {*channel}
rNeg    . . .      Spirit   .   l - +0 leather armour
rPois   .          Reflect  .   (no helmet)
rElec   .          Harm     .   (no cloak)
rCorr   .          Rampage  .   (no gloves)
Will    .....                   (no boots)
Stlth   +++.......              (no amulet)
HPRegen 0.08/turn               (no ring)
MPRegen 0.09/turn               (no ring)

@: lightly drained
A: high mp 1, forlorn, divine attributes
a: no special abilities


You were on level 1 of the Dungeon.
You visited 1 branch of the dungeon, and saw 5 of its levels.

You collected 35 gold pieces.

Inventory:

Hand Weapons
 a - a +0 hand axe (weapon)
 b - a +0 hunting sling
 i - a +1 dagger of draining
Missiles
 j - 25 sling bullets
 n - 24 bolts
 r - 17 stones
 u - 19 poisoned darts (quivered)
Armour
 l - a +0 leather armour (worn)
 q - an orb of energy (worn)
Wands
 g - a wand of digging (3)
Scrolls
 c - a scroll of fog
 d - a scroll of magic mapping
 e - a scroll of fear
 h - a scroll of enchant armour {unknown}
 k - 3 scrolls of identify {unknown}
 m - a scroll of enchant weapon {unknown}
 o - a scroll of vulnerability {unknown}
 s - a scroll of teleportation {unknown}
Potions
 f - a potion of haste
 p - 2 potions of flight {unknown}
 t - a potion of might {unknown}


   Skills:
 + Level 2.9 Fighting
 + Level 2.0 Axes
 + Level 0.5 Slings
 + Level 2.0 Dodging
 + Level 4.6 Stealth


You had one spell level left.
You didn't know any spells.
Your spell library contained the following spells:

 Spells                   Type           Power      Damage    Failure   Level
 Animate Skeleton         Necr           0%         N/A       38%         1
 Pain                     Necr           0%         1d4       38%         1
 Gell's Gravitas          Tloc           0%         N/A       77%         3
 Teleport Other           Tloc           0%         N/A       77%         3
 Vampiric Draining        Necr           0%         2d6       77%         3
 Leda's Liquefaction      Hex/Erth       0%         N/A       99%         4
 Lee's Rapid Deconstruct  Erth           0%         3d5*      100%        5
 Dispersal                Tloc           0%         N/A       100%        6
 Statue Form              Tmut/Erth      0%         N/A       100%        6


Dungeon Overview and Level Annotations

Branches:
Dungeon (5/15)
 Temple: D:4-7


Innate Abilities, Weirdness & Mutations

You have an increased reservoir of magic. (+10% MP)
You shall have no god before yourself.
Your divine heritage dramatically boosts your attributes as you level up.


Message History

The hobgoblin shouts!
You hit the rat.
You kill the rat!
You hit the goblin.
You kill the goblin!
The kobold throws a stone.
The stone barely misses you.
The kobold throws a stone.
The stone hits you.
The kobold throws a stone.
The stone hits you. The dart slug launches a dart at you.
The slug dart hits you.
You closely miss the hobgoblin. The hobgoblin hits you.
You hit the hobgoblin.
The hobgoblin is almost dead.
The hobgoblin hits you but does no damage.
You closely miss the hobgoblin.
The hobgoblin is almost dead.
The hobgoblin hits you.
You hit the hobgoblin.
You kill the hobgoblin!
The kobold hits you with a +2 short sword of draining.
* * * LOW HITPOINT WARNING * * *
You feel drained.
* * * LOW HITPOINT WARNING * * *
You hit the kobold.
You kill the kobold!
A goblin comes into view.
It is wielding a +0 dagger of protection.
Things that are here:
a +2 short sword of draining; 2 stones The dart slug launches a dart at you.
The slug dart hits you.
* * * LOW HITPOINT WARNING * * *
An endoplasm comes into view.
You hit the dart slug but do no damage. The dart slug launches a dart at you.
The slug dart misses you.
You hit the dart slug.
The dart slug is moderately wounded.
The dart slug launches a dart at you. The slug dart hits you.
You die...

........######......
...#................
.................... #
#......#.....#...... ..
#.###........#รทรท...
...###. ##.............
....... ##..............
....#..##.........#.....
.......@)..............>
.......w####............
.....#..# #............
.... #..# ............
.....g.).# .......###.#
........... ...... #.#
..........(.. ... ...
............... ..
.#>...w........


You could see a dart slug and a goblin.

Vanquished Creatures
  A bat (D:1)
  2 endoplasms (D:2)
  2 giant cockroaches
  3 goblins
  A hobgoblin (D:1)
  2 kobolds
  A ball python (D:1)
  A frilled lizard (D:1)
  4 rats
17 creatures vanquished.

Notes
Turn   | Place    | Note
-------+----------+-------------------------------------------
     0 | D:5      | croobank the Demigod Delver began the quest for the Orb.
     0 | D:5      | Reached XP level 1. HP: 18/18 MP: 3/3
   553 | D:2      | Reached XP level 2. HP: 18/25 MP: 4/4
   702 | D:1      | Killed from afar by a dart slug

Illustrated notes

Levels and vault maps discovered:
D:1:      matt_arrival_grand_opening, layout_rooms, basic_ecumenical_altar
D:2:      layout_basic, serial_forest, infiniplex_forest_fountain,
          infiniplex_forest_straight_4, infiniplex_forest_fountain,
          infiniplex_forest_pool, infiniplex_forest_lined_corner,
          infiniplex_forest_3_way, infiniplex_forest_clump_diagonal,
          nrook_loot_triangle
D:3:      layout_rooms
D:4:      layout_loops_ring
D:5:      kennysheep_spiral_hall, layout_loops_corners, minmay_strange_pillars,
          guppyfry_early_orc_mine

Skill      XL: |  1 |
---------------+----+-----
Dodging        | 2 |  2.0
Axes           | 2 |  2.0
Fighting       | |  2.9
Slings         | |  0.5
Stealth        | |  4.6

Action                   || total
-------------------------++-------
Melee: Hand axe          ||    32
 Stab: Sleeping          ||     2
       Distracted        ||     1
Armor: Leather armour    ||    20
Dodge: Dodged            ||    23

Table legend: (Time is in decaauts)
 A = Elapsed time spent in this place.
 B = Non-inter-level travel time spent in this place.
 C = Inter-level travel time spent in this place.
 D = Time resting spent in this place.
 E = Time spent auto-exploring this place.
 F = Levels seen in this place.
 G = Mean time per level.
                   A        B        C        D        E       F      G
               +--------+--------+--------+--------+--------+-----+--------+
         Total |    709 |    709 |      0 |    172 |    262 |   5 |  141.8 |
       Dungeon |    709 |    709 |      0 |    172 |    262 |   5 |  141.8 |
               +--------+--------+--------+--------+--------+-----+--------+

Top non-repeatable levels by time:
     D:2: 451 daAuts
     D:1: 89 daAuts
     D:5: 89 daAuts
     D:4: 57 daAuts
     D:3: 22 daAuts
